 Dungeon Crawl Stone Soup version 0.31-a0-204-g7da18cac08 (webtiles) character file.

Game seed: 5556586392362008600

46 lunkers the Cutter (level 4, -7/35 HPs)
             Began as a Meteoran Wanderer on June 27, 2023.
             Mangled by a gnoll
             ... wielding a +0 flail
              (14 damage)
             ... on level 3 of the Dungeon.
             The game lasted 00:01:25 (861 turns).

lunkers the Cutter (Meteoran Wanderer)               Turns: 861, Time: 00:01:25

Health: -7/35      AC:  2    Str: 13    XL:     4   Next: 13%
Magic:  7/7        EV: 10    Int: 11    God:
Gold:   70         SH:  5    Dex: 18    Spells: 4/5 levels left

rFire   . . .        a - +2 short sword
rCold   . . .        b - +0 buckler
rNeg    . . .        d - +0 robe
rPois   .            (no helmet)
rElec   .            (no cloak)
rCorr   .            (no gloves)
SInv    .            (no boots)
Will    .....        (no amulet)
Stlth   +            (no ring)
HPRegen 0.25/turn    (no ring)
MPRegen 0.10/turn

%: no passive effects
@: glowing
A: sense surroundings 1, otherworldly, glowing, explore regen
a: no special abilities


You were on level 3 of the Dungeon.
You visited 1 branch of the dungeon, and saw 3 of its levels.

You collected 70 gold pieces.

Inventory:

Hand Weapons
 a - a +2 short sword (weapon)
Armour
 b - a +0 buckler (worn)
 d - a +0 robe (worn)
 l - a +0 cloak
Wands
 i - a wand of digging (8)
 j - a wand of iceblast (8)
Scrolls
 c - a scroll of fog
 e - 2 scrolls of identify {unknown}
Potions
 f - a potion of brilliance {unknown}
 g - a potion of curing {unknown}
 h - a potion of berserk rage {unknown}
 k - a potion of lignification {unknown}


   Skills:
 - Level 1.1 Fighting
 + Level 5.0 Short Blades
 - Level 1.0 Stealth
 - Level 2.4 Shields
 - Level 1.3 Spellcasting
 - Level 2.4 Fire Magic


You had 4 spell levels left.
You knew the following spells:

 Your Spells              Type           Power      Damage    Failure   Level
p - Foxfire               Conj/Fire      12%        2x1d4     26%         1

Your spell library contained the following spells:

 Spells                   Type           Power      Damage    Failure   Level
 Ignite Poison            Fire/Tmut/Pois 2%         N/A       67%         3
 Malign Gateway           Summ/Tloc      0%         N/A       100%        7
 Summon Horrible Things   Summ           0%         N/A       100%        8


Dungeon Overview and Level Annotations

Branches:
Dungeon (3/15) Zot: 951

Altars:
Kikubaaqudgha


Innate Abilities, Weirdness & Mutations

You passively map a small area around you.
You are easily found by Zot.
You glow in the dark.
You regain HP and MP as you explore.


Message History

Found 6 poisoned darts.
No target in view!
You now have 57 gold pieces (gained 10).
You see here the +2 spear "Xuafimie" {drain, rN+ Will+ rCorr}.
No target in view!
No target in view!
No target in view!
You now have 70 gold pieces (gained 13).
A gnoll and an endoplasm come into view.
Found a cloak.
There are monsters nearby! 2 gnolls come into view.
Found 12 gold pieces and a smoky black potion.
The gnoll shouts! x2
A gnoll comes into view. It is wielding a +0 flail.
The endoplasm quivers.
The endoplasm hits you. The gnoll closely misses you.
The gnoll shouts!
You hit the gnoll.
The gnoll is lightly wounded.
The endoplasm barely misses you. The gnoll hits you with a +0 halberd!
You hit the gnoll.
The gnoll is moderately wounded.
The gnoll hits you with a +0 flail.
* * * LOW HITPOINT WARNING * * *
You block the endoplasm's attack. The gnoll attacks as you move away!
The gnoll barely misses you. The gnoll attacks as you move away!
The gnoll hits you with a +0 club.
* * * LOW HITPOINT WARNING * * *
The gnoll misses you. The endoplasm attacks as you move away!
The endoplasm closely misses you. The gnoll barely misses you.
The gnoll hits you from afar with a +0 halberd!
* * * LOW HITPOINT WARNING * * *
The endoplasm attacks as you move away! The endoplasm hits you.
* * * LOW HITPOINT WARNING * * *
You see here a +0 cloak.
l - a +0 cloak The gnoll hits you with a +0 flail!
You die...

.#*#.### *#.# ###.## ## *#*
.##.. .## # ...#.... .. ,..
.... ..#..,...#.#...##.##.##
* ..#.##.##.##
#..'....#...... ..# ....#...
*#.........# ..###.#.#..#*
##g........## ..(.#.#.#..#
#Jgg#........ ..#.....#..#
###g#.#........
....#.#.#..####.@.#.#.....##.
....#.###.....###.#.#........
....#..<..###.#
#.#.#......##* ....###.#####
,..#.###$...#* .........†..#,
#.#.# ..#.!.
........#.#########.# .##.##
....#####.#.........# , ..#.#
#.#.######### * ** ....#
#.#.# * * *


You could see 4 gnolls and an endoplasm.

Vanquished Creatures
  An adder (D:2)
  3 worms (D:2)
  2 bats
  An endoplasm (D:2)
  6 goblins
  4 hobgoblins
  A kobold (D:1)
  A quokka (D:2)
  4 ball pythons
  A frilled lizard (D:2)
  3 rats
27 creatures vanquished.

Notes
Turn   | Place    | Note
-------+----------+-------------------------------------------
     0 | D:1      | lunkers the Meteoran Wanderer began the quest for the Orb.
     0 | D:1      | lunkers set off with the following items: a +2 short sword,
                  | a +0 buckler, a scroll of fog, a +0 robe; and the following
                  | spell memorised: Foxfire; and the following spells
                  | available to memorise: Ignite Poison.
     0 | D:1      | Reached XP level 1. HP: 16/16 MP: 3/3
    91 | D:1      | Reached XP level 2. HP: 19/23 MP: 5/5
   134 | D:1      | Reached skill level 4 in Short Blades
   313 | D:2      | Reached XP level 3. HP: 3/28 MP: 6/6
   632 | D:2      | Reached XP level 4. HP: 18/35 MP: 7/7
   721 | D:2      | Found an ancient bone altar of Kikubaaqudgha.
   725 | D:2      | Reached skill level 5 in Short Blades
   794 | D:3      | Identified the +2 spear "Xuafimie" {drain, rN+ Will+ rCorr}
   861 | D:3      | Mangled by a gnoll

Illustrated notes

Levels and vault maps discovered:
D:1:      roderic_crop_circles_arrival_small, layout_rooms, st_stairs_12,
          minmay_misc_feat_enclosed, minmay_misc_feat_hallway, grunt_decor_cap
D:2:      layout_loops_ring, basic_altar, minmay_hexomino_r4
D:3:      layout_basic, eino_curves_04

Skill      XL: |  1  2  3  4 |
---------------+-------------+-----
Short Blades   | 4 5 |  5.0
Fighting       | |  1.1
Stealth        | |  1.0
Shields        | |  2.4
Spellcasting   | |  1.3
Fire Magic     | |  2.4

Action                     |  1- 3 |  4- 6 || total
---------------------------+-------+-------++-------
  Melee: Short sword       |    75 |     7 ||    82
    Use: Scroll            |     2 |       ||     2
 Armour: Robe              |     9 |       ||     9
  Dodge: Dodged            |    18 |     7 ||    25
  Block: Buckler           |    16 |     2 ||    18

Table legend: (Time is in decaauts)
 A = Elapsed time spent in this place.
 B = Non-inter-level travel time spent in this place.
 C = Inter-level travel time spent in this place.
 D = Time resting spent in this place.
 E = Time spent auto-exploring this place.
 F = Levels seen in this place.
 G = Mean time per level.
                   A        B        C        D        E       F      G
               +--------+--------+--------+--------+--------+-----+--------+
         Total |    847 |    820 |     27 |      0 |    617 |   3 |  282.3 |
       Dungeon |    847 |    820 |     27 |      0 |    617 |   3 |  282.3 |
               +--------+--------+--------+--------+--------+-----+--------+

Top non-repeatable levels by time:
     D:2: 483 daAuts
     D:1: 261 daAuts
     D:3: 102 daAuts
